 Dungeon Crawl Stone Soup version 0.23-a0-516-g0f8c245 (webtiles) character file.

41813 theanonym the Fighter (level 13, -10/109 HPs)
             Began as a Mummy Air Elementalist on Dec 5, 2018.
             Was a High Priest of Vehumet.
             Mangled by a meliai
             ... wielding a cursed -1 hand axe
              (11 damage)
             ... on level 15 of the Dungeon.
             The game lasted 00:59:36 (28358 turns).

theanonym the Fighter (Mummy Air Elementalist)     Turns: 28358, Time: 00:59:36

Health: -10/109    AC: 13    Str: 12    XL:     13   Next: 82%
Magic:  3/36       EV: 18    Int: 20    God:    Vehumet [*****.]
Gold:   891        SH:  5    Dex: 17    Spells: 7/32 levels left

rFire    . . .     SeeInvis +   x - +6 war axe "Eghochekh" {pain, Int+2}
rCold    + . .     Gourm    .   j - +0 buckler
rNeg     + + +     Faith    .   h - +0 leather armour
rPois    ∞         Spirit   .   g - +2 helmet {SInv}
rElec    .         Reflect  .   l - +2 cloak
rCorr    .         Harm     .   k - +2 pair of gloves
MR       +....                  (no boots)
Stlth    ++........             (no amulet)
HPRegen  0.28/turn              D - ring "Dijippit" {MP+9 Dex+4}
MPRegen  0.25/turn              w - ring of protection from fire

@: very slightly contaminated
A: no food or potions, fire vulnerability, cold resistance 1, negative energy
resistance 3, torment resistance, unbreathing, in touch with death 1
a: Renounce Religion


Innate Abilities, Weirdness & Mutations

You do not eat or drink.
Your flesh is vulnerable to fire.
You are immune to poison.
Your flesh is cold resistant. (rC+)
You are immune to negative energy. (rN+++)
You are immune to unholy pain and torment.
You can survive without breathing.
You are in touch with the powers of death.


   Skills:
 + Level 12.4 Fighting
 - Level 5.0 Armour
 + Level 9.6 Dodging
 - Level 1.5 Stealth
 - Level 4.1 Shields
 - Level 10.0 Spellcasting
 - Level 6.0 Conjurations
 - Level 3.2 Translocations
 - Level 6.0 Fire Magic
 - Level 5.2 Air Magic
 - Level 5.0 Poison Magic


You had 7 spell levels left.
You knew the following spells:

 Your Spells              Type           Power        Failure   Level  Hunger
a - Shock                 Conj/Air       ####         1%          1    N/A
b - Lightning Bolt        Conj/Air       ####......   7%          5    N/A
c - Conjure Flame         Conj/Fire      ####....     1%          3    N/A
d - Mephitic Cloud        Conj/Pois/Air  ####....     1%          3    N/A
e - Airstrike             Air            ####......   3%          4    N/A
l - Blink                 Tloc           N/A          3%          2    N/A
p - Olgreb's Toxic Radia  Pois           ####....     3%          4    N/A
q - Apportation           Tloc           ###...       2%          1    N/A
s - Swiftness             Chrm/Air       ###.....     4%          2    N/A

Your spell library contained the following spells:

 Spells                   Type           Power        Failure   Level  Hunger
 Magic Dart               Conj           ####         1%          1    N/A
 Throw Frost              Conj/Ice       ###...       1%          2    N/A
 Static Discharge         Conj/Air       ####....     1%          3    N/A
 Freeze                   Ice            ##..         2%          1    N/A
 Throw Icicle             Conj/Ice       ###.....     7%          4    N/A
 Animate Skeleton         Necr           N/A          9%          1    N/A
 Confusing Touch          Hex            ##....       9%          1    N/A
 Summon Small Mammal      Summ           ##..         9%          1    N/A
 Call Imp                 Summ           ##......     13%         2    N/A
 Slow                     Hex            ##......     13%         2    N/A
 Call Canine Familiar     Summ           ##......     26%         3    N/A
 Ozocubu's Armour         Chrm/Ice       ##......     26%         3    N/A
 Summon Guardian Golem    Hex/Summ       ##......     26%         3    N/A
 Summon Lightning Spire   Summ/Air       ###.....     30%         4    N/A
 Summon Ice Beast         Ice/Summ       ##......     65%         4    N/A

Skill      XL: |  1  2  3  4  5  6  7  8  9 10 11 12 13 |
---------------+----------------------------------------+-----
Conjurations   | 1 2 3 4 5 6 |  6.0
Spellcasting   | 3 4 5 6 8 9 10 | 10.0
Air Magic      | 3 4 5 |  5.2
Translocations | 1 2 3 |  3.2
Poison Magic   | 1 5 |  5.0
Armour         | 1 2 3 4 5 |  5.0
Fighting       | 2 5 6 9 11 12 | 12.4
Fire Magic     | 3 5 6 |  6.0
Dodging        | 2 4 6 8 9 |  9.6
Shields        | 4 |  4.1
Stealth        | |  1.5

Action                   |  1- 3 |  4- 6 |  7- 9 | 10-12 | 13-15 || total
-------------------------+-------+-------+-------+-------+-------++-------
Melee: Whip              |     6 |       |       |       |       ||     6
       Dagger            |    44 |    57 |   131 |    63 |       ||   295
       Short sword       |       |       |    20 |       |       ||    20
       War axe           |       |       |       |   191 |   185 ||   376
Throw: Throwing net      |       |     2 |     1 |     4 |     2 ||     9
 Cast: Shock             |    63 |   123 |   191 |   362 |    63 ||   802
       Mephitic Cloud    |       |     2 |    12 |    66 |    21 ||   101
       Airstrike         |       |       |     3 |   114 |    41 ||   158
       Lightning Bolt    |       |       |       |    86 |    79 ||   165
       Blink             |       |       |       |     5 |     2 ||     7
       Conjure Flame     |       |       |       |     2 |       ||     2
       Swiftness         |       |       |       |     2 |       ||     2
       Olgreb's Toxic Ra |       |       |       |       |     9 ||     9
Evoke: Wand              |       |       |     3 |    12 |     9 ||    24
       Lamp of fire      |       |       |       |     1 |     1 ||     2
  Use: Scroll            |     2 |     1 |    10 |    19 |     5 ||    37
 Stab: Sleeping          |       |     4 |     1 |       |       ||     5
       Confused          |       |       |     8 |    15 |     5 ||    28
       Held in net/web   |       |       |     2 |     2 |       ||     4
       Paralysed         |       |       |       |     5 |       ||     5
Armor: Leather armour    |    19 |    34 |    53 |   147 |    85 ||   338
       Robe              |     1 |       |       |       |       ||     1
Dodge: Dodged            |    37 |    46 |    87 |   351 |   229 ||   750
Block: Buckler           |       |       |       |    26 |    58 ||    84

Inventory:

Hand Weapons
 a - a +8 dagger of electrocution
   (You took it off a kobold on level 1 of the Dungeon)
 x - the +6 war axe "Eghochekh" (weapon) {pain, Int+2}
   (You found it on level 9 of the Dungeon)

   In the hands of one skilled in necromantic magic, it inflicts extra damage on
   living creatures.
   It affects your intelligence (+2).
Armour
 g - a +2 helmet of see invisible (worn)
   (You found it on level 3 of the Dungeon)
 h - a +0 leather armour (worn)
   (You found it on level 1 of the Dungeon)
 j - a +0 buckler (worn)
   (You took it off a deep elf knight on level 1 of the Orcish Mines)
 k - a +2 pair of gloves (worn)
   (You found it on level 3 of the Dungeon)
 l - a +2 cloak (worn)
   (You found it on level 2 of the Dungeon)
 q - a +0 shield
   (You found it on level 7 of the Dungeon)
Jewellery
 i - an uncursed ring of protection from cold
   (You found it on level 1 of the Dungeon)
 p - an uncursed ring of fire
   (You found it on level 7 of the Dungeon)
 w - a ring of protection from fire (right hand)
   (You found it on level 10 of the Dungeon)
 C - an uncursed ring of ice
   (You found it on level 1 of the Dungeon)
 D - the ring "Dijippit" (left hand) {MP+9 Dex+4}
   (You bought it in a shop on level 1 of the Orcish Mines)

   [ring of magical power]

   It affects your dexterity (+4).
   It affects your magic capacity (+9).
Wands
 b - a wand of random effects (4)
   (You took it off a crimson imp on level 12 of the Dungeon)
 e - a wand of disintegration (3)
   (You found it on level 5 of the Dungeon)
 u - a wand of polymorph (14)
   (You found it on level 14 of the Dungeon)
 v - a wand of acid (3)
   (You found it on level 13 of the Dungeon)
 A - a wand of enslavement (11)
   (You found it on level 12 of the Dungeon)
 B - a wand of paralysis (3)
   (You took it off Maurice on level 11 of the Dungeon)
Scrolls
 c - 5 scrolls of amnesia
 f - 2 scrolls of fog
 m - a scroll of noise
 n - 2 scrolls of remove curse
 r - 2 scrolls of identify
 s - 3 scrolls of fear
 t - 5 scrolls of teleportation {!r}
 z - a scroll of enchant weapon
 E - a scroll of vulnerability
Miscellaneous
 o - a lamp of fire (inert)
   (You found it in a bailey)


You were on level 15 of the Dungeon.
You worshipped Vehumet.
Vehumet was extremely pleased with you.
You were not hungry.

You visited 4 branches of the dungeon, and saw 19 of its levels.
You also visited: Bailey.

You collected 1777 gold pieces.
You spent 886 gold pieces at shops.

Dungeon Overview and Level Annotations

Branches:
Dungeon (15/15)            Temple (1/1) D:5            Lair (1/6) D:10
    Orc (2/2) D:12         Vaults (0/5) D:13         Depths (0/5) D:15
    Elf: Orc:2

Altars:
Ashenzari
Cheibriados
Dithmenos
Fedhas
Gozag
Hepliaklqana
Kikubaaqudgha
Makhleb
Nemelex Xobeh
Okawaru
Qazlal
Ru
Sif Muna
Trog
Uskayaw
Vehumet
Wu Jian
Xom
Yredelemnul
Zin
The Shining One
Lugonu

Shops:
D:5 }   Orc:1 *

Annotations:
D:12 exclusions: 5 doors and unseen horror
D:15 Rupert
Lair:1 exclusion: oklob plant

......#.##...#######***+***,,,,,,
......#.##...#.....#,,,,,,,,,,,,,
......#.##...#.....#,,,,,,,,,,,,,
......#.##...#.....#,,,,**,####+#
......#.##...#....<#,,,,**,#.....
......#......'.....#,,,,**,#.....
......'......#.§§§)#,,,,,,,#)....
..(...#......#..u..#,,,,,,,#.....
......#......#.§@y.#########.#.##
......#......#............##...##
......#......#............##.##..
......#......#.....##.....##.##..
......#......#.....#####'####..##
......#.###..#.....#.........#.##
......#,,,,,,#.....#.............
......#,,,,,,#.....#.####....####
......#,,,,*,#######,***#....#**#


You could see a cyan ugly thing and a meliai.

Notes
Turn   | Place    | Note
-------+----------+-------------------------------------------
     0 | D:1      | theanonym the Mummy Air Elementalist began the quest for
                  | the Orb.
     0 | D:1      | Reached XP level 1. HP: 13/13 MP: 4/4
   346 | D:1      | Reached skill level 1 in Conjurations
   806 | D:1      | Reached skill level 3 in Spellcasting
   896 | D:1      | Reached XP level 2. HP: 19/19 MP: 0/6
   954 | D:1      | Learned a level 2 spell: Swiftness
  1116 | D:2      | Reached XP level 3. HP: 24/24 MP: 4/7
  1181 | D:2      | Learned a level 3 spell: Mephitic Cloud
  1184 | D:2      | Learned a level 2 spell: Blink
  1276 | D:2      | Noticed a water elemental
  1290 | D:2      | Found a stormy altar of Qazlal.
  1292 | D:2      | Noticed an earth elemental
  1293 | D:2      | Noticed an air elemental
  1293 | D:2      | Noticed a fire elemental
  2011 | D:3      | Reached skill level 3 in Air Magic
  2016 | D:3      | Reached XP level 4. HP: 30/30 MP: 1/9
  2392 | D:3      | HP: 5/30 [orc priest/divine providence (11)]
  2679 | D:3      | Reached skill level 1 in Translocations
  2679 | D:3      | Reached skill level 1 in Poison Magic
  2725 | D:3      | Reached skill level 4 in Spellcasting
  2849 | D:3      | Reached skill level 2 in Conjurations
  2849 | D:3      | Reached XP level 5. HP: 30/35 MP: 11/11
  3260 | D:3      | Reached skill level 1 in Armour
  3468 | D:3      | HP: 16/35 [orc priest/+1 dagger of draining (7)]
  3469 | D:3      | Reached XP level 6. HP: 19/41 MP: 1/12
  3473 | D:3      | HP: 14/41 [orc/+1 short sword of protection (3)]
  3957 | D:4      | Learned a level 5 spell: Lightning Bolt
  3966 | D:4      | Noticed an orc warrior
  4389 | D:4      | Found a blossoming altar of Fedhas.
  4674 | D:4      | Killed an orc warrior
  4674 | D:4      | Reached skill level 2 in Armour
  4674 | D:4      | Reached skill level 5 in Spellcasting
  4674 | D:4      | Reached skill level 3 in Conjurations
  4674 | D:4      | Reached XP level 7. HP: 46/46 MP: 1/14
  4713 | D:4      | Reached skill level 4 in Air Magic
  5153 | D:4      | Found a burning altar of Makhleb.
  5281 | D:5      | Entered Level 5 of the Dungeon
  5446 | D:5      | Found Equdol's Gadget Shoppe.
  5481 | D:5      | Reached skill level 3 in Armour
  5519 | D:5      | Found a deep blue altar of Sif Muna.
  5741 | D:5      | Noticed Prince Ribbit
  5746 | D:5      | Reached skill level 4 in Conjurations
  5748 | D:5      | Reached XP level 8. HP: 36/52 MP: 1/15
  5812 | D:5      | HP: 23/52 [Prince Ribbit (10)]
  6410 | D:5      | Learned a level 4 spell: Airstrike
  6699 | D:5      | Found a staircase to the Ecumenical Temple.
  6708 | Temple   | Entered the Ecumenical Temple
  6724 | Temple   | Became a worshipper of Vehumet
  6967 | D:5      | Killed Prince Ribbit
  6967 | D:5      | Reached skill level 4 in Armour
  6967 | D:5      | Reached skill level 5 in Air Magic
  7143 | D:6      | Found an ornate altar of the Wu Jian Council.
  7157 | D:6      | Found an opulent altar of Gozag.
  7157 | D:6      | Found a sparkling altar of Nemelex Xobeh.
  7442 | D:6      | Reached skill level 1 in Fighting
  7582 | D:6      | Reached skill level 5 in Conjurations
  7736 | D:6      | Noticed Eustachio
  7740 | D:6      | Killed Eustachio
  7740 | D:6      | Reached skill level 2 in Fighting
  7740 | D:6      | Reached skill level 6 in Spellcasting
  7744 | D:6      | Reached * piety under Vehumet
  7744 | D:6      | Offered knowledge of Sting by Vehumet.
  7754 | D:6      | Reached XP level 9. HP: 50/62 MP: 7/18
  8096 | D:6      | Found an ancient bone altar of Kikubaaqudgha.
  8116 | D:6      | Found an iron altar of Okawaru.
  8117 | D:6      | Found a snail-covered altar of Cheibriados.
  8118 | D:6      | Found a hide-covered altar of Uskayaw.
  8123 | D:6      | Learned a level 3 spell: Conjure Flame
  8160 | D:6      | Found a bloodstained altar of Trog.
  8161 | D:6      | Found a glowing golden altar of the Shining One.
  8162 | D:6      | Found a basalt altar of Yredelemnul.
  8369 | D:7      | Reached skill level 5 in Armour
  8409 | D:7      | Found a shattered altar of Ashenzari.
  8412 | D:7      | Reached skill level 3 in Fighting
  8412 | D:7      | Reached skill level 1 in Fire Magic
  8705 | D:7      | Noticed Harold
  8715 | D:7      | Paralysed by Harold for 2 turns
  8718 | D:7      | Killed Harold
  8718 | D:7      | Reached skill level 4 in Fighting
  8718 | D:7      | Reached skill level 7 in Spellcasting
  8718 | D:7      | Reached skill level 2 in Fire Magic
  8743 | D:7      | Noticed a deep elf mage
  8750 | D:7      | Killed a deep elf mage
  8750 | D:7      | Reached skill level 5 in Fighting
  8750 | D:7      | Reached skill level 8 in Spellcasting
  8750 | D:7      | Reached skill level 3 in Fire Magic
  8980 | D:7      | Reached skill level 2 in Dodging
  9026 | D:7      | Offered knowledge of Sandblast by Vehumet.
  9040 | D:7      | Reached ** piety under Vehumet
  9040 | D:7      | Reached XP level 10. HP: 74/74 MP: 3/22
  9186 | D:7      | Noticed Joseph
  9205 | D:7      | Killed Joseph
  9522 | D:7      | Noticed Pikel
  9783 | D:7      | Killed Pikel
  9783 | D:7      | Reached skill level 4 in Fire Magic
 10017 | D:7      | Found a shattered altar of Ashenzari.
 10485 | D:7      | Found a shattered altar of Ashenzari.
 10878 | D:8      | Reached skill level 3 in Dodging
 10878 | D:8      | Reached skill level 9 in Spellcasting
 11117 | D:8      | HP: 38/76 [worker ant (6)]
 11119 | D:8      | Reached skill level 6 in Fighting
 11122 | D:8      | HP: 27/76 [hornet (11)]
 11892 | D:9      | Identified a scroll of acquirement
 11979 | D:9      | Found a hazy altar of Hepliaklqana.
 11981 | D:9      | Got an ebony war axe
 11982 | D:9      | Identified the +6 war axe "Eghochekh" {pain, Int+2} (You
                  | found it on level 9 of the Dungeon)
 11990 | D:9      | Noticed a two-headed ogre
 12008 | D:9      | Killed a two-headed ogre
 12008 | D:9      | Reached skill level 4 in Dodging
 12079 | D:9      | Noticed a two-headed ogre
 12105 | D:9      | Killed a two-headed ogre
 12105 | D:9      | Reached skill level 2 in Translocations
 12105 | D:9      | Reached skill level 5 in Fire Magic
 12105 | D:9      | Reached XP level 11. HP: 47/83 MP: 1/24
 12401 | D:9      | Found a sacrificial altar of Ru.
 12507 | D:9      | Offered knowledge of Ignite Poison by Vehumet.
 12519 | D:9      | Reached skill level 7 in Fighting
 12627 | D:9      | Reached skill level 10 in Spellcasting
 12935 | D:10     | Entered Level 10 of the Dungeon
 13866 | D:10     | Reached *** piety under Vehumet
 14214 | D:10     | Found a staircase to the Lair.
 14561 | D:11     | Found a bloodstained altar of Trog.
 14598 | D:11     | Noticed a four-headed hydra
 14625 | D:11     | Killed a four-headed hydra
 14625 | D:11     | Reached skill level 3 in Translocations
 14630 | D:11     | Noticed Psyche
 14653 | D:11     | Killed Psyche
 14653 | D:11     | Reached skill level 5 in Dodging
 14879 | D:11     | Reached skill level 8 in Fighting
 14939 | D:11     | Reached skill level 6 in Conjurations
 15010 | D:11     | Found a flagged portal.
 15119 | Bailey   | Entered a bailey
 15167 | Bailey   | Offered knowledge of Fulminant Prism by Vehumet.
 15202 | Bailey   | Noticed an orc knight
 15202 | Bailey   | Noticed an orc knight
 15213 | Bailey   | Killed an orc knight
 15219 | Bailey   | Killed an orc knight
 15229 | Bailey   | Reached **** piety under Vehumet
 15552 | Lair:1   | Entered Level 1 of the Lair of Beasts
 15610 | Lair:1   | HP: 39/87 [spiny frog (11)]
 15620 | D:10     | HP: 25/87 [spiny frog (17)]
 16036 | Lair:1   | Noticed an oklob plant
 16184 | Lair:1   | Killed an oklob plant
 16256 | Lair:1   | Noticed an oklob plant
 16320 | Lair:1   | Noticed a seven-headed hydra
 16359 | Lair:1   | HP: 40/87 [seven-headed hydra (5)]
 16959 | D:11     | Noticed a white ugly thing
 16975 | D:11     | Killed a white ugly thing
 16975 | D:11     | Reached skill level 9 in Fighting
 17045 | D:11     | Noticed Maurice
 17048 | D:11     | Paralysed by Maurice for 7 turns
 17075 | D:11     | Killed Maurice
 17643 | D:12     | Offered knowledge of Lee's Rapid Deconstruction by Vehumet.
 17643 | D:12     | Reached skill level 6 in Fire Magic
 17792 | D:12     | Noticed a purple ugly thing
 17811 | D:12     | Killed a purple ugly thing
 17811 | D:12     | Reached skill level 6 in Dodging
 17811 | D:12     | Reached XP level 12. HP: 95/95 MP: 19/26
 18037 | D:12     | Found a staircase to the Orcish Mines.
 18255 | D:12     | HP: 46/96 [white ugly thing (4)]
 18575 | D:12     | Noticed a sphinx
 18580 | D:12     | Noticed a five-headed hydra
 18846 | D:12     | HP: 48/97 [slime creature (15)]
 19319 | Orc:1    | Entered Level 1 of the Orcish Mines
 19475 | D:12     | HP: 47/97 [warg (6)]
 19800 | Orc:1    | Noticed an orc high priest
 19814 | Orc:1    | Killed an orc high priest
 19814 | Orc:1    | Reached skill level 10 in Fighting
 19945 | Orc:1    | Reached skill level 7 in Dodging
 20504 | Orc:1    | Noticed an orc warlord
 20655 | Orc:1    | HP: 40/97 [orc warlord/+1 war axe of flaming (18)]
 20680 | Orc:1    | Killed an orc warlord
 20680 | Orc:1    | Reached skill level 1 in Shields
 21063 | Orc:1    | Found Vehusuuc's Assorted Antiques.
 21066 | Orc:1    | Bought a scroll labeled ZAIWIRR FOISS for 25 gold pieces
 21066 | Orc:1    | Bought a wavering steel ring for 125 gold pieces
 21066 | Orc:1    | Bought a scroll labeled QIOJIBBARPH for 25 gold pieces
 21066 | Orc:1    | Bought a scroll of teleportation for 75 gold pieces
 21066 | Orc:1    | Bought a shimmering war axe for 212 gold pieces
 21066 | Orc:1    | Bought a scroll of enchant armour for 187 gold pieces
 21066 | Orc:1    | Bought a scroll of identify for 50 gold pieces
 21066 | Orc:1    | Bought a shiny helmet for 187 gold pieces
 21087 | Orc:1    | Identified the ring "Dijippit" {MP+9 Dex+4} (You bought it
                  | in a shop on level 1 of the Orcish Mines)
 21092 | Orc:1    | Identified the +8 war axe of Disarray {freeze, rPois Str+3}
                  | (You bought it in a shop on level 1 of the Orcish Mines)
 21156 | Orc:2    | Entered Level 2 of the Orcish Mines
 21156 | Orc:2    | Noticed a two-headed ogre
 21163 | Orc:2    | Killed a two-headed ogre
 21163 | Orc:2    | Reached skill level 2 in Shields
 21273 | D:11     | Noticed Erica
 21288 | D:11     | Killed Erica
 21396 | D:13     | Noticed Nessos
 21415 | D:13     | Killed Nessos
 21415 | D:13     | Reached skill level 3 in Shields
 21429 | D:12     | HP: 45/98 [troll (shapeshifter) (6)]
 21686 | D:13     | Noticed a centaur warrior
 21691 | D:13     | Killed a centaur warrior
 21769 | D:13     | Noticed a death knight
 21932 | D:13     | Noticed an ogre mage
 21937 | D:13     | Noticed a sphinx
 21938 | D:13     | Noticed a two-headed ogre
 21940 | D:13     | Noticed a two-headed ogre
 21940 | D:13     | Killed an ogre mage
 21940 | D:13     | Reached skill level 4 in Shields
 21940 | D:13     | Noticed a shadow dragon
 21940 | D:13     | a sphinx changed into a shadow dragon
 22152 | D:13     | Noticed a two-headed ogre
 22180 | D:12     | HP: 40/99 [two-headed ogre/+0 giant club (13)]
 22415 | D:12     | Killed a two-headed ogre
 22639 | D:13     | Killed a two-headed ogre
 22639 | D:13     | Reached skill level 11 in Fighting
 22639 | D:13     | Reached skill level 8 in Dodging
 23020 | D:13     | Killed a two-headed ogre
 23020 | D:13     | Reached ***** piety under Vehumet
 23140 | D:13     | Offered knowledge of Olgreb's Toxic Radiance by Vehumet.
 23140 | D:13     | Gained mutation: You are in touch with the powers of death.
                  | [Mummy growth]
 23140 | D:13     | Reached XP level 13. HP: 85/106 MP: 23/27
 23295 | D:12     | Learned a level 4 spell: Olgreb's Toxic Radiance
 23930 | D:13     | Found a gate to the Vaults.
 23947 | D:13     | Reached skill level 2 in Poison Magic
 24125 | D:13     | Noticed Urug
 24137 | D:13     | Killed Urug
 24339 | D:13     | HP: 39/107 [very large slime creature (55)]
 24672 | D:13     | Reached skill level 3 in Poison Magic
 24760 | D:13     | Found a blossoming altar of Fedhas.
 25376 | D:14     | Reached skill level 9 in Dodging
 25672 | D:14     | Reached skill level 4 in Poison Magic
 25897 | D:14     | HP: 49/107 [skeletal warrior/+0 mace[a skeletal warrior]
                  | (10)]
 25923 | D:14     | HP: 46/107 [skeletal warrior/+0 mace[a skeletal warrior]
                  | (10)]
 25934 | D:13     | HP: 29/107 [skeletal warrior/+0 mace[a skeletal warrior]
                  | (1)]
 25937 | D:13     | Reached skill level 12 in Fighting
 26947 | D:14     | HP: 43/108 [centaur warrior/arrow[a skeletal warrior] (22)]
 26947 | D:14     | HP: 19/108 [cyan ugly thing (13)]
 26962 | D:14     | HP: 11/108 [skeletal warrior/+0 dire flail[a skeletal
                  | warrior] (9)]
 26968 | D:15     | Entered Level 15 of the Dungeon
 27631 | D:15     | Reached skill level 5 in Poison Magic
 27704 | D:15     | Noticed Rupert
 27736 | D:15     | HP: 54/108 [wyvern (16)]
 27744 | D:15     | HP: 38/108 [basilisk (8)]
 28015 | D:15     | Learned a level 1 spell: Apportation
 28354 | D:15     | HP: 54/109 [meliai/cursed -1 hand axe (2)]
 28358 | D:15     | HP: 17/109 [cyan ugly thing (10)]
 28358 | D:15     | HP: 1/109 [cyan ugly thing (16)]
 28358 | D:15     | Mangled by a meliai

Vanquished Creatures
  Nessos (D:13)
  An ogre mage (D:13)
  Harold (D:7)
  A hydra (D:11)
  A death knight (D:13)
  Erica (D:11)
  A centaur warrior (D:13)
  6 two-headed ogres
  An orc high priest (Orc:1)
  Urug (D:13)
  A deep elf knight (Orc:1)
  3 skeletal warriors
  3 unseen horrors
  Pikel (D:7)
  A necromancer (D:15)
  7 ugly things
  3 orc knights
  An orc sorcerer (Orc:1)
  6 deep elf magi
  An oklob plant (Lair:1)
  A manticore (D:14)
  Maurice (D:11)
  Joseph (D:7)
  Psyche (D:11)
  4 centaur zombies
  A spiny frog (D:10)
  A gargoyle (D:12)
  A kobold demonologist (D:11)
  A queen bee (shapeshifter) (D:13)
  6 trolls
  2 hornets (D:8)
  Prince Ribbit (D:5)
  4 slime creatures
  3 hippogriffs
  A hippogriff (shapeshifter) (D:12)
  A shadow (D:9)
  2 wraiths (D:14)
  6 wyverns
  12 yaks
  Eustachio (D:6)
  3 basilisks
  3 hungry ghosts
  4 vampire mosquitoes (D:14)
  A warg (D:12)
  2 acid dragons (D:14)
  11 orc warriors
  A black bear (D:9)
  4 ice beasts
  5 sky beasts
  A hornet zombie (D:15)
  A swamp drake (D:10)
  3 necrophages (D:13)
  2 slaves (D:7)
  7 ogres
  2 phantoms
  A boggart (shapeshifter) (D:13)
  2 centaurs
  2 big kobolds
  5 bullfrogs
  A wyvern zombie (D:10)
  7 scorpions
  A wyvern skeleton (D:8)
  A hornet simulacrum (D:14)
  3 killer bees (D:11)
  6 wights (D:7)
  A water moccasin skeleton (D:4)
  4 electric eels (D:13)
  3 crimson imps
  2 bullfrog zombies (D:13)
  3 quasits
  12 orc priests
  7 hounds
  2 jellies
  A bullfrog skeleton (D:8)
  5 centaur skeletons
  14 orc wizards
  4 iguanas
  10 worker ants
  4 wolf simulacra (D:15)
  5 yak simulacra (D:15)
  A polar bear simulacrum (D:15)
  A hound zombie (D:7)
  2 hound skeletons (D:5)
  5 mummies (D:7)
  3 gnolls (Bailey)
  16 adders
  7 shadow imps
  2 oozes
  An adder skeleton (D:4)
  3 worms
  5 leopard geckos
  86 orcs
  A ball python (D:3)
  4 giant cockroaches
  8 goblins
  8 hobgoblins
  3 jackals (D:3)
  5 quokkas
  7 bats
  10 frilled lizards
  29 kobolds
  2 quokka skeletons
  2 quokka zombies
  7 rats
  A river rat simulacrum (D:15)
  A bush (D:13)
  3 plants
472 creatures vanquished.

Vanquished Creatures (collateral kills)
  An orc warlord (Orc:1)
1 creature vanquished.

Vanquished Creatures (others)
  2 slaves (D:7)
  An orc wizard (D:7)
  4 bushes (D:13)
  A fungus (Lair:1)
  21 plants
29 creatures vanquished.

Grand Total: 502 creatures vanquished

Table legend:
 A = Turns spent in this place as a percentage of turns spent in the entire game.
 B = Non-inter-level travel turns spent in this place as a percentage of non-inter-level travel turns spent in the entire game.
 C = Inter-level travel turns spent in this place as a percentage of turns spent in this place.
 D = Turns resting spent in this place as a percentage of non-inter-level travel turns spent in this place.
 E = Turns spent auto-exploring this place as a percentage of non-inter-level travel turns spent in this place.
 F = Non-inter-level travel turns spent in this place divided by the number of levels of this place that you've seen.
                   A       B       C       D       E      F
               +-------+-------+-------+-------+-------+----------------------
         Total | 100.0 | 100.0 |   5.7 |  52.0 |  33.3 | 1336.8
       Dungeon |  92.0 |  91.8 |   6.0 |  51.0 |  34.9 | 1635.5
        Temple |   0.1 |   0.1 |  37.1 |   0.0 |   0.0 |  22.0
          Lair |   1.9 |   2.0 |   0.2 |  68.2 |  13.2 | 532.0
  Orcish Mines |   5.0 |   5.2 |   3.0 |  64.8 |  17.2 | 692.0
        Bailey |   0.9 |   1.0 |   0.0 |  47.4 |  16.2 | 266.0
               +-------+-------+-------+-------+-------+----------------------
